Map: Pylon LE

Players

VITRyung (Ryung) - Winner!

  • Race: Terran Terran
  • League: Grandmaster
  • Spawn Location: 5:00

Bingoking

  • Race: Zerg Zerg
  • League: Master
  • Spawn Location: 11:00

VOD

Have the link to the VOD?

Description

Time

  • Played on: Oct. 16, 2025, 11:50 a.m.
  • Length: 7:59
Show
View Real Time Build Order
Export as new Build Order

VITRyung Terran - Winner!

Build Orders: Reaper Expand, Hellion Banshee 

Get SALT Encoding   

  12  0:00  SCV  
  13  0:12  SCV  
  14  0:16  Supply Depot  
  14  0:24  SCV  
  15  0:38  SCV  
  15  0:40  Barracks  
  16  0:43  Refinery  
  16  0:50  SCV  
  17  1:02  SCV  
  18  1:14  SCV  
  19  1:27  Orbital Command  
  19  1:28  Reaper  
  20  1:38  Command Center  
  20  1:49  Supply Depot  
  20  1:53  SCV  
  21  2:00  Marine  
  22  2:05  SCV  
  23  2:08  Factory  
  23  2:12  Refinery  
  23  2:17  SCV  
  23  2:21  Barracks Reactor  
  24  2:29  SCV  
  25  2:41  SCV  
  26  2:50  Orbital Command  
  26  2:53  Starport, SCV  
  27  3:02  Hellion  
  27  3:03  Hellion  
  31  3:05  Barracks Tech Lab  
  31  3:07  SCV  
  32  3:14  Supply Depot  
  32  3:16  SCV  
  32  3:19  SCV  
  34  3:24  Hellion x2  
  38  3:28  SCV  
  38  3:31  SCV  
  40  3:35  Cloaking Field, Banshee  
  40  3:36  Marine  
  40  3:41  SCV  
  45  3:43  SCV  
  45  3:44  Supply Depot  
  46  3:51  Hellion x2  
  46  3:53  SCV  
  46  3:55  SCV  
  52  4:00  Barracks Tech Lab  
  52  4:05  SCV  
  52  4:07  SCV  
  54  4:18  Banshee, Stimpack  
  54  4:22  SCV  
  54  4:23  Command Center, SCV  
  59  4:29  Supply Depot  
  59  4:34  SCV  
  59  4:35  SCV  
  61  4:39  Factory Reactor  
  61  4:40  Barracks  
  61  4:42  Barracks, Marine  
  62  4:50  SCV x2  
  64  4:53  Engineering Bay x2  
  64  4:56  Supply Depot  
  64  5:02  SCV  
  64  5:03  Refinery x2  
  64  5:04  SCV  
  66  5:08  Marine  
  66  5:09  Starport Reactor  
  67  5:15  SCV  
  67  5:16  SCV  
  69  5:26  Terran Infantry Weapons Level 1, Terran Infantry Armor Level 1  
  69  5:27  SCV  
  70  5:28  SCV  
  70  5:32  Barracks, Siege Tank  
  70  5:33  Barracks  
  70  5:34  Orbital Command  
  74  5:39  Marine, SCV  
  74  5:40  Marine x3  
  74  5:41  Marine  
  80  5:47  Supply Depot  
  80  5:50  Supply Depot, Medivac  
  80  5:54  Medivac  
  84  5:57  Marine  
  84  5:59  Orbital Command  
  84  6:02  SCV x2  
  84  6:03  Marine x4  
  91  6:05  Combat Shield  
  91  6:09  Siege Tank  
  94  6:15  Marine  
  94  6:18  Supply Depot, SCV x2  
  97  6:20  Armory  
  97  6:22  Barracks Reactor x2  
  97  6:26  SCV  
  97  6:27  Marine x3  
  97  6:29  Marine  
  97  6:30  SCV x2  
  104  6:33  Marine  
  105  6:41  Supply Depot, Siege Tank  
  105  6:42  Supply Depot  
  105  6:44  SCV x3  
  105  6:46  Marine  
  111  6:47  Marine x2  
  112  6:54  Marine x2  
  112  6:57  Medivac  
  117  7:01  SCV  
  117  7:02  Medivac, SCV x2  
  117  7:04  Marine  
  117  7:07  Supply Depot  
  122  7:08  Supply Depot  
  122  7:09  Marine x6  
  122  7:15  Siege Tank  
  131  7:20  Marine x2  
  133  7:28  Marine x7  
  122  7:37  Marine  
  122  7:38  Marine  
Show
View Real Time Build Order
Export as new Build Order

Bingoking Zerg 

Build Orders: Hatch First 

Get SALT Encoding   

  12  0:00  Drone  
  13  0:10  Drone  
  14  0:15  Extractor  
  14  0:16  Drone  
  15  0:21  Overlord  
  15  0:40  Drone  
  16  0:45  Hatchery  
  16  0:49  Drone  
  16  0:52  Drone  
  16  0:57  Drone  
  18  1:06  Extractor  
  17  1:11  Spawning Pool  
  17  1:14  Drone  
  17  1:18  Drone  
  18  1:29  Drone  
  19  1:39  Drone  
  20  1:50  Drone  
  21  1:57  Queen  
  21  1:58  Zergling x4, Queen  
  27  2:09  Overlord  
  27  2:10  Drone  
  28  2:19  Hatchery  
  27  2:29  Drone x3  
  30  2:32  Drone  
  31  2:40  Queen  
  31  2:44  Overlord  
  33  2:48  Metabolic Boost  
  33  2:53  Drone x2  
  33  2:56  Drone  
  36  3:03  Queen  
  38  3:07  Overlord  
  38  3:10  Drone  
  38  3:12  Drone  
  40  3:15  Drone  
  40  3:16  Drone  
  44  3:20  Drone x2  
  44  3:26  Queen  
  44  3:29  Drone  
  44  3:32  Drone x2  
  49  3:36  Drone  
  49  3:40  Queen  
  52  3:44  Overlord  
  54  3:48  Drone x2  
  54  3:54  Drone x4  
  58  4:01  Queen  
  58  4:02  Overlord  
  60  4:05  Zergling x4  
  60  4:09  Overlord  
  62  4:11  Zergling x4  
  62  4:16  Overlord  
  62  4:17  Overlord  
  64  4:20  Lair  
  64  4:25  Overlord  
  64  4:32  Drone x4  
  64  4:34  Drone, Queen  
  64  4:35  Drone x2  
  73  4:40  Drone x3  
  76  4:47  Baneling Nest  
  76  4:49  Spore Crawler, Drone x5  
  79  4:53  Spore Crawler  
  79  4:56  Spore Crawler  
  79  4:58  Drone x3  
  80  5:03  Overlord  
  80  5:06  Drone  
  81  5:08  Drone x3, Extractor x2  
  81  5:13  Drone x5  
  87  5:23  Drone x4  
  87  5:27  Evolution Chamber  
  87  5:28  Overseer, Hatchery, Extractor  
  88  5:33  Overlord  
  88  5:36  Drone x6  
  88  5:39  Overseer  
  88  5:40  Queen  
  88  5:41  Extractor  
  95  5:42  Overlord  
  95  5:44  Drone  
  96  5:52  Overlord  
  96  5:54  Zerg Ground Armor Level 1  
  96  5:55  Centrifugal Hooks  
  96  5:58  Evolution Chamber  
  96  6:02  Overlord, Drone x3  
  96  6:03  Drone x2  
  100  6:09  Zergling x8  
  104  6:14  Zergling x2  
  105  6:23  Hydralisk Den  
  105  6:24  Zergling x10  
  109  6:25  Hatchery  
  109  6:30  Baneling x7  
  109  6:31  Zergling x4  
  110  6:33  Zergling x6  
  110  6:37  Zergling x4  
  115  6:43  Zergling x4  
  117  6:48  Overlord  
  117  6:51  Zergling x10  
  117  6:52  Baneling x10  
  117  6:53  Baneling  
  115  6:58  Drone x3  
  117  7:06  Zergling x14  
  124  7:08  Hatchery  
  124  7:15  Zergling x12  
  129  7:16  Extractor  
  129  7:20  Overseer  
  128  7:26  Zergling x10  
  115  7:32  Zergling x10  
  114  7:38  Zergling x10  
Tags
 
Add a new tag
Caveats
  • Supply blocks, unpowered buildings, or Contaminate may cause inaccurate times.
  • Supply counts are checked every 10 seconds.